 Dungeon Crawl Stone Soup version 0.21-a0-531-gacddea6 (webtiles) character file.

58 slep the Ducker (level 3, -2/28 HPs)
             Began as a Demonspawn Gladiator on Dec 14, 2017.
             Slain by a worm (7 damage)
             ... on level 3 of the Dungeon.
             The game lasted 00:07:04 (2153 turns).

slep the Ducker (Demonspawn Gladiator)              Turns: 2153, Time: 00:07:05

Health: -2/28      AC:  4    Str: 15    XL:     3   Next: 76%
Magic:  1/1        EV: 15    Int:  9    God:
Gold:   106        SH:  0    Dex: 14    Spells: 2/2 levels left

rFire    . . .     SeeInvis .   j - +0 hand axe (antimagic)
rCold    . . .     Gourm    .   (no shield)
rNeg     . . .     Faith    .   b - +0 leather armour
rPois    .         Spirit   .   c - +0 helmet
rElec    .         Reflect  .   (no cloak)
rCorr    .         Harm     .   (no gloves)
MR       +....                  (no boots)
Stlth    +.........             (no amulet)
HPRegen  0.09/turn              m - ring of protection from magic
MPRegen  0.07/turn              (no ring)

@: no status effects
A: claws 1, repulsion field 1
a: no special abilities


You were on level 3 of the Dungeon.
You were not hungry.

You visited 1 branch of the dungeon, and saw 4 of its levels.

You collected 106 gold pieces.

Inventory:

Hand Weapons
 a - a +0 war axe
 j - a +0 antimagic hand axe (weapon)
 n - a cursed -3 blowgun
Missiles
 d - 3 throwing nets
 o - 51 poisoned needles
 v - 6 javelins (quivered)
Armour
 b - a +0 leather armour (worn)
 c - a +0 helmet (worn)
Jewellery
 m - a ring of protection from magic (left claw)
Wands
 s - a wand of disintegration (4)
Scrolls
 e - a scroll of remove curse {unknown}
 g - a scroll of teleportation {unknown}
 i - 3 scrolls of identify {unknown}
 k - a scroll of fear {unknown}
 l - a scroll of enchant weapon {unknown}
 q - 4 scrolls of amnesia {unknown}
 u - a scroll of random uselessness {unknown}
Potions
 h - 4 potions of curing {unknown}
 p - a potion of brilliance {unknown}
 t - a potion of agility {unknown}
 w - a potion of degeneration {unknown}
 x - a potion of mutation {unknown}
 z - a potion of haste {unknown}
 B - a potion of heal wounds {unknown}
Comestibles
 f - 3 bread rations
 r - 5 meat rations
 A - 2 fruits


   Skills:
 + Level 2.4 Fighting
 + Level 3.2 Axes
 + Level 1.9 Throwing
 + Level 0.3 Armour
 + Level 3.3 Dodging
 + Level 0.3 Stealth


You had 2 spell levels left.
You didn't know any spells.

Dungeon Overview and Level Annotations

Branches:
Dungeon (4/15)
 Temple: D:4-7

Altars:
Vehumet


Innate Abilities, Weirdness & Mutations

You have sharp fingernails.
You are surrounded by a mild repulsion field. (EV +2)


Message History

The worm is moderately wounded.
The worm bites you!
You hit the worm.
The worm is heavily wounded.
The worm barely misses you.
You hit the worm.
The worm is heavily wounded.
You hit the worm.
The worm is severely wounded.
The worm bites you.
You barely miss the worm.
The worm is severely wounded.
The worm bites you!
* * * LOW HITPOINT WARNING * * *
You hit the worm.
The worm is almost dead.
You hit the worm but do no damage.
The worm is almost dead.
The worm bites you!
You die...

###....÷..######
###............#
...........###.#
#####....### #.#
#......###.####
#...>.......... ♣♣♣
#.#........####
#.)#♣#..............
#@.'....###.##....
#w.'........##....
#..#♣#..########....
♣♣♣ #..# #.... #..#
#.... ...# #....
##### #.... ....#


You could see a worm.

Vanquished Creatures
  An adder (D:4)
  A worm (D:3)
  3 leopard geckos
  2 orcs (D:3)
  A ball python (D:1)
  A giant cockroach (D:1)
  7 goblins
  3 hobgoblins
  2 jackals (D:1)
  3 bats (D:2)
  3 frilled lizards
  10 kobolds
  4 rats
41 creatures vanquished.

Notes
Turn   | Place    | Note
-------+----------+-------------------------------------------
     0 | D:1      | slep the Demonspawn Gladiator began the quest for the Orb.
     0 | D:1      | Reached XP level 1. HP: 16/16 MP: 1/1
   367 | D:1      | Gained mutation: You are surrounded by a mild repulsion field. (EV +2) [demonic ancestry]
   367 | D:1      | Reached XP level 2. HP: 12/22 MP: 2/2
  1263 | D:3      | Gained mutation: You have sharp fingernails. [demonic ancestry]
  1263 | D:3      | Reached XP level 3. HP: 24/27 MP: 1/3
  1465 | D:4      | Found a radiant altar of Vehumet.
  2153 | D:3      | Slain by a worm

Vault maps used:
D:1:      kennysheep_arrival_seaside, serial_forest, infiniplex_forest_lined_2,
          infiniplex_forest_corner_1, infiniplex_forest_straight_1,
          infiniplex_forest_clump_tiny, infiniplex_forest_zigzag_2,
          infiniplex_forest_clump_medium, infiniplex_forest_clump_curved,
          infiniplex_forest_corner_2, kennysheep_doodads
D:3:      first_bread, chequers_ecumenical_altar_twisty, palyth_stone_intersect,
          st_stairs_12, kennysheep_generic_room_15
D:4:      kennysheep_mini_moat, lemuel_crystal_altar, overflow_temple_1_default

Skill      XL: |  1  2 |
---------------+-------+-----
Dodging        | 3 |  3.3
Axes           | 3 |  3.2
Fighting       | |  2.4
Throwing       | |  1.9
Armour         | |  0.3
Stealth        | |  0.3

Action                   || total
-------------------------++-------
Melee: War axe           ||    45
       Hand axe          ||    96
Throw: Javelin           ||     4
 Stab: Sleeping          ||     1
  Eat: Chunk             ||     4
Armor: Leather armour    ||    41
Dodge: Dodged            ||   104

Table legend:
 A = Spawn XP
 B = Non-spawn XP
 C = Spawn XP percentage of total XP
 D = Spawn monster count
 E = Non-spawn monster count
 F = Spawn count percentage of total count
 G = Total turns spent on level
                    A         B        C        D         E        F      G
               +---------+---------+-------+---------+---------+-------+---------
         Total |       0 |      84 |   0.0 |       0 |      41 |   0.0 |  2153
               +---------+---------+-------+---------+---------+-------+---------
           D:1 |       0 |      26 |   0.0 |       0 |      16 |   0.0 |  1195
           D:2 |       0 |      13 |   0.0 |       0 |       9 |   0.0 |   425
           D:3 |       0 |      32 |   0.0 |       0 |      15 |   0.0 |   441
           D:4 |       0 |      13 |   0.0 |       0 |       1 |   0.0 |    92
               +---------+---------+-------+---------+---------+-------+---------
